 Dungeon Crawl Stone Soup version 0.29.1-2-gbd0b4ee654 (webtiles) character file.

Game seed: 13805432596535843557

2106 mcbry74 the Cleaver (level 9, -2/79 HPs)
             Began as a Minotaur Berserker on Nov 23, 2022.
             Was a Priest of Trog.
             Killed from afar by raph's ghost (9 damage)
             ... with a magic dart
             ... on level 6 of the Dungeon.
             The game lasted 00:10:34 (6252 turns).

mcbry74 the Cleaver (Minotaur Berserker)            Turns: 6252, Time: 00:10:35

Health: -2/79      AC:  3    Str: 24    XL:     9   Next: 7%
Magic:  8/8        EV: 13    Int:  6    God:    Trog [***...]
Gold:   273        SH:  0    Dex: 10    Spells: 8/8 levels left

rFire   + . .      SeeInvis .   C - +2 hand axe (distort)
rCold   . . .      Faith    .   (no shield)
rNeg    . . .      Spirit   .   D - +0 leather armour {rF+}
rPois   .          Reflect  .   (helmet restricted)
rElec   .          Harm     .   (no cloak)
rCorr   .          Rampage  .   (no gloves)
Will    .....                   (no boots)
Stlth   +.........              (no amulet)
HPRegen 0.23/turn               (no ring)
MPRegen 0.11/turn               (no ring)

@: on berserk cooldown, slowed, very slow
A: horns 2, retaliatory headbutt
a: Renounce Religion, Berserk, Trog's Hand


You were on level 6 of the Dungeon.
You worshipped Trog.
Trog was most pleased with you.
You visited 1 branch of the dungeon, and saw 6 of its levels.

You collected 273 gold pieces.

Inventory:

Hand Weapons
 a - a +0 hand axe
 C - a +2 hand axe of distortion (weapon)
Missiles
 e - 2 throwing nets
 g - a poisoned dart (quivered)
 o - 11 stones
 s - 5 javelins
 G - 4 boomerangs
 H - a boomerang of dispersal
Armour
 b - a +0 animal skin
 t - a +0 scale mail
 D - a +0 leather armour of fire resistance (worn)
 J - +0 steam dragon scales
Jewellery
 n - a ring of flight
Wands
 u - a wand of roots (7)
 F - a wand of flame (8)
Scrolls
 f - a scroll of poison {unknown}
 j - a scroll of immolation {unknown}
 k - a scroll of torment
 m - 2 scrolls of enchant armour
 w - 3 scrolls of enchant weapon
 y - 2 scrolls of teleportation {unknown}
 z - a scroll of magic mapping {unknown}
 B - 4 scrolls of identify
 E - a scroll of amnesia {unknown}
 I - a scroll of blinking {unknown}
Potions
 c - 3 potions of curing
 d - a potion of lignification {unknown}
 h - 2 potions of attraction {unknown}
 i - a potion of flight {unknown}
 l - a potion of resistance {unknown}
 p - a potion of brilliance {unknown}
 q - 2 potions of heal wounds {unknown}
 r - a potion of might {unknown}
 v - a potion of degeneration {unknown}
 x - a potion of mutation {unknown}
 A - 2 potions of haste {unknown}


   Skills:
 + Level 7.4 Fighting
 * Level 9.7 Axes
 + Level 6.8 Armour
 + Level 6.2 Dodging


You had 8 spell levels left.
You didn't know any spells.
Your spell library contained the following spells:

 Spells                   Type           Power      Damage    Failure   Level
 Magic Dart               Conj           0%         1d3       50%         1
 Call Imp                 Summ           0%         N/A       63%         2
 Mephitic Cloud           Conj/Pois/Air  0%         N/A       86%         3
 Hailstorm                Conj/Ice       0%         3d3       99%         4
 Ice Form                 Ice/Tmut       0%         N/A       99%         4
 Simulacrum               Ice/Necr       0%         N/A       100%        6


Dungeon Overview and Level Annotations

Branches:
Dungeon (6/15)
 Temple: D:4-7

Altars:
Dithmenos
Elyvilon
Wu Jian
Zin

Shops:
D:4 [

Annotations:
D:6 raph's ghost, novice DrVM


Innate Abilities, Weirdness & Mutations

You have a pair of horns on your head.
You reflexively headbutt those who attack you in melee.


Message History

You are more poisoned.
You barely miss raph's ghost.
Raph's ghost is moderately damaged.
You feel sick.
You closely miss raph's ghost.
Raph's ghost is moderately damaged.
You feel sick.
* * * LOW HITPOINT WARNING * * *
You are more poisoned.
Raph's ghost hits you.
* * * LOW HITPOINT WARNING * * *
You are more poisoned.
You slash raph's ghost!
Raph's ghost is moderately damaged.
Raph's ghost blinks!
You feel very sick.
You are too berserk!
* * * LOW HITPOINT WARNING * * *
You feel very sick.
You feel a strong urge to attack something.
You feel very sick.
You feel the effects of Trog's Hand fading.
You feel sick.
You feel your anger nearly subside.
You are no longer berserk.
You are exhausted.
You feel yourself slow down.
* * * LOW HITPOINT WARNING * * *
You feel sick.
* * * LOW HITPOINT WARNING * * *
You feel very sick.
It was a potion of curing.
You feel better.
As you read the scroll labelled QEMNEB PUUV, it crumbles to dust.
Your body is wracked with pain!
* * * LOW HITPOINT WARNING * * *
It was a scroll of torment.
Your skin stops crawling.
You feel less strong-willed.
Raph's ghost says, "Death is but another step down the path of knowledge."
Raph's ghost casts a spell at you. The magic dart hits you!
You die...

......#.#.#...#.......#...#.#
#.....#...#...#.......#.....#####
###.#...###...'.......#..........
#.#.........'.....$.#...######.
#.###.###..)§W..../.#..## #.
###.# #.# #...#..$....#..# #.
....# #.####..#.......#..# #.
##### #..###..#########..#######.
##..##..W.@................
####..#.............#.######
#.............#####...#
#.###.........# #.###
#.###.........# #.# ####
#.............# #.# ...#
#..##....#....# #.#
##.###..##....#....## #.#
#...#..##....##....# #.######


You could see raph's ghost.

Vanquished Creatures
  Sigmund (D:3)
  A wyvern (D:6)
  A steam dragon (D:6)
  An acid dragon (D:6)
  An ice beast (D:5)
  2 black bears
  An ogre (D:6)
  2 centaurs
  A phantom (D:5)
  2 bullfrogs
  The ghost of caveywoolpert the Magician, a weakling BaEE (D:3)
  A howler monkey (D:6)
  A jelly (D:6)
  2 orc priests (D:6)
  4 hounds
  3 iguanas
  Jessica (D:2)
  4 orc wizards
  12 adders
  2 ufetubi
  2 worms
  3 dart slugs
  14 orcs
  3 bats
  7 endoplasms
  7 giant cockroaches
  3 goblins
  9 hobgoblins
  4 jackals (D:2)
  2 kobolds
  2 quokkas
  4 ball pythons
  2 frilled lizards
  2 rats
108 creatures vanquished.

Vanquished Creatures (others)
  A fungus (D:5)
1 creature vanquished.

Grand Total: 109 creatures vanquished

Notes
Turn   | Place    | Note
-------+----------+-------------------------------------------
     0 | D:1      | mcbry74 the Minotaur Berserker began the quest for the Orb.
     0 | D:1      | Reached XP level 1. HP: 19/19 MP: 0/0
   539 | D:1      | Reached XP level 2. HP: 24/27 MP: 1/1
   647 | D:1      | Reached skill level 4 in Axes
   737 | D:1      | You fall into a shaft and drop 1 floor!
   846 | D:1      | Found a faded altar of an unknown god.
   850 | D:1      | Reached XP level 3. HP: 31/33 MP: 2/2
   949 | D:2      | Noticed Jessica
   958 | D:2      | Killed Jessica
  1253 | D:2      | Reached XP level 4. HP: 40/40 MP: 3/3
  1267 | D:2      | Reached ** piety under Trog
  2074 | D:3      | Reached skill level 5 in Axes
  2250 | D:3      | Found a runed translucent door.
  2252 | D:3      | Noticed a bullfrog
  2253 | D:3      | Noticed caveywoolpert's ghost (weakling BaEE)
  2265 | D:3      | Killed a bullfrog
  2266 | D:3      | Reached XP level 5. HP: 39/47 MP: 4/4
  2271 | D:3      | Killed caveywoolpert's ghost
  2312 | D:3      | Found a runed translucent door.
  2641 | D:3      | Found a shadowy altar of Dithmenos.
  2992 | D:3      | Noticed Sigmund
  3001 | D:3      | Killed Sigmund
  3002 | D:3      | Reached skill level 5 in Fighting
  3002 | D:3      | Reached skill level 6 in Axes
  3002 | D:3      | Reached XP level 6. HP: 56/56 MP: 5/5
  3314 | D:4      | Found Winaig's Armour Shoppe.
  3645 | D:4      | Found a white marble altar of Elyvilon.
  3985 | D:5      | Entered Level 5 of the Dungeon
  4018 | D:5      | Found a glowing silver altar of Zin.
  4033 | D:5      | Reached XP level 7. HP: 45/61 MP: 6/6
  4116 | D:5      | Found an ornate altar of the Wu Jian Council.
  4200 | D:5      | Reached skill level 7 in Axes
  4429 | D:5      | Reached *** piety under Trog
  4459 | D:5      | Reached skill level 5 in Armour
  5183 | D:6      | Reached skill level 5 in Dodging
  5183 | D:6      | Reached XP level 8. HP: 70/70 MP: 7/7
  5240 | D:6      | Noticed raph's ghost (novice DrVM)
  5243 | D:6      | Found a runed translucent gate.
  5243 | D:6      | Found a runed translucent gate.
  5243 | D:6      | Found a runed translucent gate.
  5283 | D:6      | Reached skill level 8 in Axes
  5720 | D:6      | Reached skill level 9 in Axes
  6237 | D:6      | Reached XP level 9. HP: 31/79 MP: 8/8
  6250 | D:6      | HP: 2/79 [poisoned by raph's ghost]
  6252 | D:6      | Killed from afar by raph's ghost

Illustrated notes

Levels and vault maps discovered:
D:1:      scummos_arrival_simple_crosswalls, layout_basic,
          shapermc_ecumenical_altar_pompeii, minmay_large_rounded_square
D:2:      layout_loops_ring, uniq_jessica
D:3:      layout_loops_cross, grunt_dithmenos_smoke_and_mirrors,
          ebering_ghost_sewer_f, nrook_mini_backslash, roderic_lattice_a,
          uniq_sigmund
D:4:      layout_loops_ring, nicolae_elyvilon_peaceful_grove, serial_shops,
          nicolae_shop_behind_doors, chequers_serial_rivers_large_a
D:5:      layout_loops_ring, mainiacjoe_overflow_big_doors
D:6:      layout_basic, gammafunk_ghost_split

Skill      XL: |  1  2  3  4  5  6  7  8 |
---------------+-------------------------+-----
Axes           | 4 5 6 7 9 |  9.7
Fighting       | 4 5 6 7 |  7.4
Armour         | 3 4 5 6 |  6.8
Dodging        | 3 4 5 6 |  6.2

Action                   |  1- 3 |  4- 6 |  7- 9 || total
-------------------------+-------+-------+-------++-------
Melee: Hand axe          |    50 |   110 |   106 ||   266
       Headbutt          |     3 |    17 |    18 ||    38
Throw: Dart              |       |       |     3 ||     3
Invok: Berserk           |       |     2 |     2 ||     4
       Trog's Hand       |       |       |     3 ||     3
  Use: Scroll            |       |       |     3 ||     3
       Potion            |       |       |     1 ||     1
 Stab: Sleeping          |     1 |     1 |       ||     2
Armor: Animal skin       |     8 |     2 |       ||    10
       Scale mail        |       |    16 |    21 ||    37
       Leather armour    |       |       |    11 ||    11
Dodge: Dodged            |    41 |    52 |    70 ||   163
